 Dungeon Crawl Stone Soup version 0.30-a0-596-g0af90f9a20 (webtiles) character file.

Game seed: 1446566733389322985

310 kiwi3s the Chopper (level 6, 0/84 HPs)
             Began as a Minotaur Berserker on Jan 6, 2023.
             Was a Believer of Trog.
             Slain by a gnoll bouda
             ... wielding a +0 club
              (5 damage)
             ... on level 7 of the Dungeon.
             The game lasted 00:05:32 (3289 turns).

kiwi3s the Chopper (Minotaur Berserker)             Turns: 3289, Time: 00:05:32

Health: 0/84       AC:  4    Str: 24    XL:     6   Next: 17%
Magic:  5/5        EV: 12    Int:  4    God:    Trog [**....]
Gold:   270        SH:  0    Dex:  9    Spells: 5/5 levels left

rFire   . . .      SeeInvis .    a - +0 hand axe
rCold   . . .      Faith    .    (no shield)
rNeg    . . .      Spirit   .    b - +0 animal skin
rPois   .          Reflect  .    (helmet restricted)
rElec   .          Harm     .    n - +0 cloak
rCorr   .          Rampage  .    (no gloves)
Will    .....                    o - +0 pair of boots Stlth
                                 (no amulet)
HPRegen 0.34/turn                (no ring)
MPRegen 0.09/turn                (no ring)

@: berserking, weakened, very quick
A: horns 2, retaliatory headbutt
a: Renounce Religion, Berserk, Trog's Hand


You were on level 7 of the Dungeon.
You worshipped Trog.
Trog was pleased with you.
You visited 1 branch of the dungeon, and saw 5 of its levels.

You collected 270 gold pieces.

Inventory:

Hand Weapons
 a - a +0 hand axe (weapon)
 m - a +4 quarterstaff of chaos
Missiles
 i - 4 boomerangs (quivered)
Armour
 b - a +0 animal skin (worn)
 n - a +0 cloak (worn)
 o - a +0 pair of boots (worn)
Jewellery
 p - a ring of poison resistance
 w - a ring of positive energy
Scrolls
 c - 7 scrolls of identify {unknown}
 e - a scroll of acquirement {unknown}
 h - a scroll of teleportation {unknown}
 j - 2 scrolls of poison {unknown}
 l - 3 scrolls of vulnerability {unknown}
 r - 2 scrolls of silence {unknown}
 s - a scroll of fear {unknown}
 t - a scroll of blinking {unknown}
 u - a scroll of enchant armour {unknown}
Potions
 d - a potion of berserk rage {unknown}
 f - a potion of invisibility {unknown}
 g - a potion of cancellation {unknown}
 k - 3 potions of curing
 q - a potion of degeneration {unknown}
 v - a potion of haste
 x - a potion of heal wounds {unknown}


   Skills:
 + Level 5.0 Fighting
 + Level 6.7 Axes
 + Level 2.7 Armour
 + Level 3.6 Dodging


You had 5 spell levels left.
You didn't know any spells.
Your spell library was empty.

Dungeon Overview and Level Annotations

Branches:
Dungeon (4/15)
 Temple: D:4-7

Altars:
Ashenzari

Shops:
D:3 [


Innate Abilities, Weirdness & Mutations

You have a pair of horns on your head.
You reflexively headbutt those who attack you in melee.


Message History

You headbutt the gnoll bouda, but do no damage.
You punch the gnoll bouda, but do no damage.
The gnoll bouda is moderately wounded.
You hit the gnoll.
The gnoll hits you from afar with a +0 spear.
The gnoll hits you but does no damage.
A gnoll comes into view. It is wielding a +0 halberd.
You slash the gnoll bouda!
The gnoll bouda is severely wounded.
You hit the gnoll. The gnoll closely misses you.
The gnoll completely misses you. You furiously retaliate!
You headbutt the gnoll!
You kill the gnoll!
Trog accepts your kill.
The gnoll hits you from afar with a +0 halberd!
The gnoll barely misses you. You furiously retaliate!
You headbutt the gnoll.
The gnoll bouda gazes fiercely through you!
You feel your attacks grow feeble. The gnoll bouda misses you.
You barely miss the gnoll.
The gnoll is heavily wounded.
You hit the gnoll bouda. The gnoll barely misses you. You furiously retaliate!
You headbutt the gnoll, but do no damage.
The gnoll hits you from afar with a +0 halberd!
The gnoll bouda utters an invocation to its god.
The gnoll bouda is healed somewhat.
You barely miss the gnoll. You headbutt the gnoll.
The gnoll is severely wounded.
You closely miss the gnoll bouda. The gnoll barely misses you.
The gnoll hits you but does no damage.
The gnoll bouda hits you with a +0 club!
* * * LOW HITPOINT WARNING * * *
A red film seems to cover your vision as you go berserk!
You feel yourself moving faster!
You feel mighty! The gnoll hits you with a +0 spear.
* * * LOW HITPOINT WARNING * * *
The gnoll hits you from afar with a +0 halberd!
* * * LOW HITPOINT WARNING * * *
The gnoll bouda hits you with a +0 club.
You die...

##### #...
###.######
+..g.....+
###@######
........gg...+
.....##.######
.... ... ###
..# ...# ##.#
...


You could see a gnoll bouda and 2 gnolls.

Vanquished Creatures
  Blork the orc (D:4)
  An orc priest (D:4)
  An iguana (D:2)
  Crazy Yiuf (D:2)
  2 orc wizards
  2 adders
  A gnoll (D:7)
  A worm (D:3)
  3 dart slugs
  8 orcs
  6 endoplasms
  3 giant cockroaches
  7 goblins
  9 hobgoblins
  5 kobolds
  4 quokkas
  7 ball pythons
  6 bats
  2 frilled lizards (D:2)
  6 rats
76 creatures vanquished.

Notes
Turn   | Place    | Note
-------+----------+-------------------------------------------
     0 | D:1      | kiwi3s the Minotaur Berserker began the quest for the Orb.
     0 | D:1      | Reached XP level 1. HP: 19/19 MP: 0/0
   190 | D:1      | Reached skill level 4 in Axes
   190 | D:1      | Reached XP level 2. HP: 19/27 MP: 1/1
   532 | D:1      | Reached XP level 3. HP: 33/33 MP: 2/2
   754 | D:2      | Found a broken altar of Ashenzari.
   789 | D:2      | Reached ** piety under Trog
  1091 | D:2      | Found a runed translucent door.
  1092 | D:2      | Noticed Crazy Yiuf
  1231 | D:2      | Reached skill level 5 in Axes
  1231 | D:2      | Reached XP level 4. HP: 40/40 MP: 3/3
  1405 | D:2      | Killed Crazy Yiuf
  1582 | D:3      | Reached XP level 5. HP: 33/47 MP: 4/4
  1724 | D:3      | Reached skill level 6 in Axes
  1776 | D:3      | Found Laogaa Efrit's Antique Armour Shoppe.
  2581 | D:4      | Noticed Blork the orc
  2593 | D:4      | Killed Blork the orc
  2907 | D:4      | Reached XP level 6. HP: 30/55 MP: 5/5
  2913 | D:4      | Reached skill level 5 in Fighting
  3278 | D:4      | You fall into a shaft and drop 3 floors!
  3289 | D:7      | Slain by a gnoll bouda

Illustrated notes

Levels and vault maps discovered:
D:1:      dpeg_arrival_simpleton_b, layout_basic, minmay_misc_feat_cross
D:2:      layout_loops_ring, basic_altar, kennysheep_generic_room_16,
          uniq_crazy_yiuf_cottage
D:3:      layout_basic, serial_shops, shop, st_stairs_9,
          kennysheep_generic_room_3
D:4:      layout_loops_ring, minmay_unequal, uniq_blork_the_orc
D:7:      layout_basic, nicolae_overflow_hallway_of_the_gods

Skill      XL: |  1  2  3  4  5  6 |
---------------+-------------------+-----
Axes           | 4 5 6 |  6.7
Fighting       | 4 5 |  5.0
Dodging        | 3 |  3.6
Armour         | |  2.7

Action                   |  1- 3 |  4- 6 || total
-------------------------+-------+-------++-------
Melee: Hand axe          |    84 |    99 ||   183
       Headbutt          |    17 |    12 ||    29
       Punch             |       |     2 ||     2
Throw: Boomerang         |     1 |       ||     1
Invok: Berserk           |       |     2 ||     2
 Stab: Sleeping          |       |     1 ||     1
Armor: Animal skin       |    20 |    17 ||    37
Dodge: Dodged            |    58 |    59 ||   117

Table legend: (Time is in decaauts)
 A = Elapsed time spent in this place.
 B = Non-inter-level travel time spent in this place.
 C = Inter-level travel time spent in this place.
 D = Time resting spent in this place.
 E = Time spent auto-exploring this place.
 F = Levels seen in this place.
 G = Mean time per level.
                   A        B        C        D        E       F      G
               +--------+--------+--------+--------+--------+-----+--------+
         Total |   3301 |   3136 |    165 |    501 |   2194 |   5 |  660.2 |
       Dungeon |   3301 |   3136 |    165 |    501 |   2194 |   5 |  660.2 |
               +--------+--------+--------+--------+--------+-----+--------+

Top non-repeatable levels by time:
     D:3: 1030 daAuts
     D:4: 777 daAuts
     D:1: 759 daAuts
     D:2: 723 daAuts
     D:7: 10 daAuts
